[ AOE2 MATCH · #483281928 ]
UnrankedVikings vs Jurchens
[ REPLAY ANALYSIS · EXTRACTED FROM THE RECORDED GAME ]
Feudal
11:36
Castle
19:27
Imperial
31:50
| APM avg | 12.3 |
| APM peak | 31 |
| eAPM avg | 8.1 |
| Villagers / military | 96 / 152 |
Focus
⚔️ 29.9% · 🌾 70.1%
Archer ×60 · Knight ×44 · Berserk ×44 · Trebuchet (Packed) ×4
Feudal
—
Castle
—
Imperial
—
| APM avg | 23.2 |
| APM peak | 79 |
| eAPM avg | 20.3 |
| Villagers / military | 67 / 37 |
Focus
⚔️ 15.4% · 🌾 84.6%
Unknown (1908) ×26 · Petard ×10 · Fire Lancer ×10 · Steppe Lancer ×9 · Unknown (1911) ×8 · Spearman ×5
Feudal
—
Castle
—
Imperial
—
| APM avg | 0.1 |
| APM peak | 7 |
| eAPM avg | 0.1 |
| Villagers / military | 0 / 0 |
Feudal
—
Castle
—
Imperial
—
| APM avg | 31.0 |
| APM peak | 131 |
| eAPM avg | 29.3 |
| Villagers / military | 106 / 149 |
Focus
⚔️ 13.1% · 🌾 86.9%
Militia ×80 · Plumed Archer ×58 · Spearman ×5 · Trebuchet (Packed) ×5 · Monk ×1
Match map
Initial resources + every placement click. Lines = walls · curves = elevation contours. ◆ gold · ⬟ stone · ● berries · ✦ relic · ◌ wall gap
Your base· ✓ Closed at 19:27 · 0t walls · 3 gate(s)
riechie95's base· ✓ Closed at 23:13 · 0t walls · 2 gate(s)
NURULLAHANKUT's base· ✓ Closed at 12:00 · 0t walls · 2 gate(s)
TheDarkPhantom87's base· ✓ Closed at 17:45 · 0t walls · 3 gate(s)
Smoothed initial terrain · ◌ = detected wall gap · hover for details
Inputs per minute
— Denisov - - riechie95
Build order — Denisov
First 150 of 213 actions detected
| 0:00 | Create | Villager (Male) |
| 0:01 | Create | Villager (Male) |
| 0:01 | Create | Villager (Male) |
| 0:01 | Create | Villager (Male) |
| 0:05 | Build | House |
| 0:08 | Build | House |
| 1:41 | Create | Villager (Male) |
| 2:14 | Create | Villager (Male) |
| 2:37 | Create | Villager (Male) |
| 2:48 | Build | Lumber Camp |
| 3:05 | Create | Villager (Male) |
| 3:14 | Create | Villager (Male) |
| 3:37 | Build | House |
| 3:52 | Create | Villager (Male) |
| 4:21 | Create | Villager (Male) ×2 |
| 4:51 | Create | Villager (Male) |
| 5:23 | Build | Mill |
| 5:29 | Create | Villager (Male) ×2 |
| 6:05 | Create | Villager (Male) ×2 |
| 6:31 | Build | House |
| 7:32 | Create | Villager (Male) ×5 |
| 8:00 | Build | Mining Camp |
| 8:06 | Build | Mining Camp |
| 8:33 | Build | House |
| 8:34 | Build | House |
| 8:36 | Build | House |
| 9:26 | Research | Feudal Age |
| 9:27 | Create | Villager (Male) |
| 10:17 | Build | Barracks |
| 10:23 | Create | Villager (Male) ×3 |
| 11:36 | Age | Feudal Age |
| 11:37 | Research | Horse Collar |
| 11:40 | Research | Double-Bit Axe |
| 11:58 | Build | Archery Range |
| 12:20 | Create | Villager (Male) ×3 |
| 12:33 | Build | Farm |
| 12:35 | Build | Farm |
| 12:36 | Build | Farm |
| 12:38 | Build | Farm |
| 12:38 | Build | Farm |
| 12:38 | Build | Farm |
| 12:39 | Build | Farm |
| 13:35 | Build | Stable |
| 14:13 | Create | Villager (Male) |
| 14:44 | Build | House |
| 14:47 | Build | House |
| 15:32 | Build | Farm |
| 15:34 | Build | Farm |
| 15:35 | Build | Farm |
| 15:35 | Build | Farm |
| 15:55 | Build | Stable |
| 16:04 | Create | Villager (Male) |
| 16:30 | Build | Farm |
| 16:30 | Build | Farm |
| 16:31 | Build | Farm |
| 16:31 | Build | Farm |
| 16:31 | Build | Farm |
| 16:34 | Build | Farm |
| 16:34 | Build | Farm |
| 16:35 | Build | Farm |
| 16:36 | Build | Farm |
| 16:37 | Build | Farm |
| 16:37 | Build | Farm |
| 16:47 | Research | Castle Age |
| 16:48 | Create | Villager (Male) |
| 17:09 | Research | Stone Mining |
| 18:39 | Research | Gold Mining |
| 19:27 | Age | Castle Age |
| 19:30 | Build | Town Center |
| 19:33 | Research | Bow Saw |
| 19:57 | Create | Villager (Male) ×5 |
| 20:14 | Create | Villager (Male) ×5 |
| 20:27 | Build | Town Center |
| 20:45 | Create | Villager (Male) ×5 |
| 20:51 | Create | Villager (Male) ×3 |
| 21:21 | Build | Farm |
| 21:21 | Build | Farm |
| 21:22 | Build | Farm |
| 21:22 | Build | Farm |
| 21:22 | Build | Farm |
| 21:22 | Build | Farm |
| 21:23 | Build | Farm |
| 21:23 | Build | Farm |
| 21:23 | Build | Farm |
| 21:24 | Build | Farm |
| 21:24 | Build | Farm |
| 21:25 | Build | Farm |
| 21:26 | Build | Farm |
| 21:41 | Research | Heavy Plow |
| 21:47 | Research | Gold Shaft Mining |
| 21:51 | Create | Villager (Male) |
| 22:09 | Create | Villager (Male) |
| 22:14 | Create | Villager (Male) |
| 22:24 | Create | Villager (Male) |
| 23:09 | Build | Castle |
| 23:19 | Create | Knight ×5 |
| 23:26 | Create | Villager (Male) ×2 |
| 23:37 | Build | Farm |
| 23:37 | Build | Farm |
| 23:38 | Build | Farm |
| 23:38 | Build | Farm |
| 23:39 | Build | Farm |
| 23:39 | Build | Farm |
| 23:40 | Build | Farm |
| 23:40 | Build | Farm |
| 23:40 | Build | Farm |
| 23:41 | Build | Farm |
| 23:57 | Build | House |
| 23:58 | Build | House |
| 24:00 | Build | House |
| 24:01 | Build | House |
| 24:03 | Build | House |
| 24:03 | Build | House |
| 24:04 | Build | House |
| 24:04 | Build | House |
| 24:05 | Build | House |
| 24:05 | Build | House |
| 24:18 | Create | Knight ×3 |
| 24:19 | Create | Knight ×3 |
| 24:35 | Create | Villager (Male) ×5 |
| 24:46 | Create | Villager (Male) ×3 |
| 25:11 | Create | Knight |
| 25:32 | Create | Villager (Male) ×5 |
| 25:34 | Create | Villager (Male) ×2 |
| 25:40 | Build | Mining Camp |
| 26:34 | Create | Villager (Male) ×5 |
| 26:44 | Build | Blacksmith |
| 27:15 | Build | Farm |
| 27:16 | Build | Farm |
| 27:16 | Build | Farm |
| 27:17 | Build | Farm |
| 27:17 | Build | Farm |
| 27:17 | Build | Farm |
| 27:31 | Build | Monastery |
| 27:58 | Research | Forging |
| 28:07 | Build | Lumber Camp |
| 28:10 | Create | Villager (Male) ×5 |
| 28:24 | Build | Castle |
| 28:40 | Research | Imperial Age |
| 29:05 | Create | Knight ×4 |
| 29:27 | Create | Berserk ×2 |
| 29:28 | Create | Berserk |
| 29:37 | Build | University |
| 30:27 | Build | Mining Camp |
| 31:48 | Research | Iron Casting |
| 31:49 | Research | Scale Barding Armor |
| 31:50 | Age | Imperial Age |
| 32:01 | Create | Trebuchet (Packed) |
| 32:32 | Research | Cavalier (upgrade) |
| 32:33 | Create | Knight ×5 |
Build order — riechie95
First 150 of 258 actions detected
| 0:04 | Create | Villager (Male) |
| 0:04 | Create | Villager (Male) |
| 0:04 | Create | Villager (Male) |
| 0:05 | Create | Villager (Male) |
| 0:05 | Create | Villager (Male) |
| 0:12 | Build | House |
| 0:31 | Build | House |
| 0:32 | Build | House |
| 0:33 | Build | House |
| 2:40 | Build | Mill |
| 4:00 | Create | Villager (Male) |
| 4:19 | Create | Villager (Male) |
| 4:24 | Create | Villager (Male) |
| 4:43 | Create | Villager (Male) |
| 5:27 | Build | Lumber Camp |
| 5:32 | Create | Villager (Male) |
| 5:32 | Create | Villager (Male) |
| 6:09 | Create | Villager (Male) |
| 6:49 | Create | Villager (Male) |
| 6:49 | Create | Villager (Male) |
| 7:09 | Build | House |
| 7:12 | Build | House |
| 7:14 | Build | House |
| 7:16 | Build | House |
| 7:18 | Build | House |
| 8:17 | Create | Villager (Male) |
| 8:17 | Create | Villager (Male) |
| 8:17 | Create | Villager (Male) |
| 8:17 | Create | Villager (Male) |
| 8:18 | Create | Villager (Male) |
| 11:10 | Research | Feudal Age |
| 11:36 | Create | Villager (Male) |
| 11:37 | Create | Villager (Male) |
| 11:37 | Create | Villager (Male) |
| 11:49 | Build | Barracks |
| 11:58 | Build | House |
| 12:02 | Build | House |
| 12:29 | Build | Mining Camp |
| 14:15 | Create | Villager (Male) ×5 |
| 14:15 | Create | Villager (Male) ×5 |
| 14:33 | Build | Archery Range |
| 15:05 | Create | Villager (Male) |
| 15:06 | Create | Villager (Male) |
| 15:06 | Create | Villager (Male) |
| 16:01 | Research | Horse Collar |
| 16:06 | Research | Double-Bit Axe |
| 16:49 | Create | Villager (Male) |
| 16:49 | Create | Villager (Male) |
| 17:18 | Build | Mining Camp |
| 18:11 | Build | Blacksmith |
| 18:19 | Build | Farm |
| 18:19 | Build | Farm |
| 18:19 | Build | Farm |
| 18:19 | Build | Farm |
| 18:21 | Build | Farm |
| 18:21 | Build | Farm |
| 18:21 | Build | Farm |
| 18:21 | Build | Farm |
| 18:22 | Build | Farm |
| 18:22 | Build | Farm |
| 18:22 | Build | Farm |
| 18:25 | Build | Farm |
| 18:27 | Create | Villager (Male) ×5 |
| 18:27 | Create | Villager (Male) |
| 18:58 | Build | Farm |
| 18:58 | Build | Farm |
| 18:58 | Build | Farm |
| 18:58 | Build | Farm |
| 18:58 | Build | Farm |
| 18:58 | Build | Farm |
| 19:15 | Build | Farm |
| 19:40 | Build | Farm |
| 19:40 | Build | Farm |
| 19:40 | Build | Farm |
| 19:40 | Build | Farm |
| 19:40 | Build | Farm |
| 19:40 | Build | Farm |
| 20:04 | Build | Farm |
| 20:04 | Build | Farm |
| 20:04 | Build | Farm |
| 20:04 | Build | Farm |
| 20:29 | Build | Farm |
| 20:29 | Build | Farm |
| 20:29 | Build | Farm |
| 20:29 | Build | Farm |
| 20:54 | Build | Farm |
| 20:54 | Build | Farm |
| 20:54 | Build | Farm |
| 21:19 | Build | Farm |
| 21:19 | Build | Farm |
| 21:20 | Build | Farm |
| 21:46 | Build | Farm |
| 22:03 | Build | Farm |
| 22:03 | Build | Farm |
| 22:03 | Build | Farm |
| 22:06 | Build | Farm |
| 22:06 | Build | Farm |
| 22:06 | Build | Farm |
| 22:06 | Build | Farm |
| 22:06 | Build | Farm |
| 22:33 | Build | Farm |
| 22:33 | Build | Farm |
| 22:35 | Build | Farm |
| 23:13 | Research | Castle Age |
| 23:33 | Research | Forging |
| 24:18 | Build | Stable |
| 24:53 | Research | Fletching |
| 25:07 | Research | Padded Archer Armor |
| 25:22 | Research | Scale Barding Armor |
| 25:29 | Create | Villager (Male) |
| 25:30 | Create | Villager (Male) |
| 25:30 | Create | Villager (Male) |
| 25:30 | Create | Villager (Male) |
| 25:30 | Create | Villager (Male) |
| 25:52 | Research | Bloodlines |
| 26:22 | Build | University |
| 26:36 | Research | Husbandry |
| 27:00 | Research | Ballistics |
| 27:17 | Create | Spearman |
| 27:17 | Create | Spearman |
| 27:17 | Create | Spearman |
| 27:17 | Create | Spearman |
| 27:18 | Create | Spearman |
| 27:25 | Build | Farm |
| 27:25 | Build | Farm |
| 27:25 | Build | Farm |
| 27:25 | Build | Farm |
| 27:25 | Build | Farm |
| 27:25 | Build | Farm |
| 27:25 | Build | Farm |
| 27:26 | Build | Farm |
| 27:26 | Build | Farm |
| 27:26 | Build | Farm |
| 27:26 | Build | Farm |
| 27:26 | Build | Farm |
| 27:26 | Build | Farm |
| 27:26 | Build | Farm |
| 27:26 | Build | Farm |
| 27:47 | Research | Fortified Wall (upgrade) |
| 28:38 | Research | Masonry |
| 28:43 | Create | Steppe Lancer ×2 |
| 29:20 | Research | Pikeman (upgrade) |
| 30:41 | Create | Steppe Lancer |
| 30:41 | Create | Steppe Lancer |
| 30:42 | Create | Steppe Lancer |
| 30:42 | Create | Steppe Lancer |
| 30:42 | Create | Steppe Lancer |
| 30:42 | Create | Steppe Lancer |
| 30:43 | Create | Steppe Lancer |
| 31:16 | Create | Fire Lancer |
Build order — NURULLAHANKUT
0 actions detected in the replay
Build order — TheDarkPhantom87
First 150 of 461 actions detected
| 0:03 | Build | House |
| 0:04 | Build | House |
| 0:05 | Create | Villager (Male) |
| 0:06 | Create | Villager (Male) |
| 0:06 | Create | Villager (Male) |
| 2:11 | Create | Villager (Male) |
| 2:31 | Build | Mill |
| 3:03 | Create | Villager (Male) |
| 3:03 | Create | Villager (Male) |
| 3:12 | Build | House |
| 3:13 | Build | House |
| 3:19 | Build | House |
| 3:39 | Create | Villager (Male) |
| 4:08 | Create | Villager (Male) |
| 4:25 | Create | Villager (Male) |
| 5:05 | Create | Villager (Male) |
| 5:09 | Create | Villager (Male) |
| 5:25 | Create | Villager (Male) |
| 6:02 | Create | Villager (Male) |
| 6:02 | Create | Villager (Male) |
| 6:25 | Create | Villager (Male) |
| 6:43 | Build | Lumber Camp |
| 6:48 | Create | Villager (Male) |
| 6:49 | Create | Villager (Male) |
| 7:00 | Create | Villager (Male) |
| 7:01 | Create | Villager (Male) |
| 8:31 | Create | Villager (Male) |
| 9:17 | Create | Villager (Male) |
| 9:18 | Create | Villager (Male) |
| 9:18 | Create | Villager (Male) |
| 10:30 | Research | Feudal Age |
| 11:03 | Create | Villager (Male) ×2 |
| 11:40 | Create | Villager (Male) |
| 11:40 | Create | Villager (Male) |
| 12:44 | Research | Horse Collar |
| 12:50 | Research | Double-Bit Axe |
| 12:57 | Build | Blacksmith |
| 13:01 | Build | Market |
| 13:06 | Create | Villager (Male) |
| 13:14 | Build | House |
| 13:16 | Build | House |
| 13:45 | Build | Farm |
| 13:45 | Build | Farm |
| 13:45 | Build | Farm |
| 13:45 | Build | Farm |
| 13:45 | Build | Farm |
| 13:45 | Build | Farm |
| 13:45 | Build | Farm |
| 13:45 | Build | Farm |
| 13:45 | Build | Farm |
| 13:45 | Build | Farm |
| 13:45 | Build | Farm |
| 13:45 | Build | Farm |
| 13:45 | Build | Farm |
| 13:45 | Build | Farm |
| 13:45 | Build | Farm |
| 13:45 | Build | Farm |
| 13:45 | Build | Farm |
| 13:45 | Build | Farm |
| 13:45 | Build | Farm |
| 13:45 | Build | Farm |
| 13:45 | Build | Farm |
| 13:45 | Build | Farm |
| 13:45 | Build | Farm |
| 13:45 | Build | Farm |
| 13:46 | Build | Farm |
| 13:46 | Build | Farm |
| 14:03 | Build | Farm |
| 14:04 | Build | Farm |
| 14:04 | Build | Farm |
| 14:40 | Build | Farm |
| 14:40 | Build | Farm |
| 14:40 | Build | Farm |
| 14:40 | Build | Farm |
| 14:54 | Build | Mining Camp |
| 15:06 | Build | Farm |
| 15:06 | Build | Farm |
| 15:06 | Build | Farm |
| 15:06 | Build | Farm |
| 15:06 | Build | Farm |
| 15:06 | Build | Farm |
| 15:06 | Build | Farm |
| 15:07 | Create | Villager (Male) |
| 15:08 | Create | Villager (Male) |
| 15:16 | Build | Farm |
| 15:17 | Build | Farm |
| 15:17 | Build | Farm |
| 15:40 | Build | Farm |
| 15:40 | Build | Farm |
| 15:40 | Build | Farm |
| 15:40 | Build | Farm |
| 15:41 | Build | Farm |
| 15:41 | Build | Farm |
| 15:41 | Build | Farm |
| 15:41 | Build | Farm |
| 15:41 | Build | Farm |
| 15:51 | Create | Villager (Male) |
| 15:52 | Create | Villager (Male) |
| 16:05 | Build | Farm |
| 16:05 | Build | Farm |
| 16:05 | Build | Farm |
| 16:05 | Build | Farm |
| 16:05 | Build | Farm |
| 16:05 | Build | Farm |
| 16:21 | Build | Farm |
| 16:46 | Build | Farm |
| 16:55 | Build | Farm |
| 16:55 | Build | Farm |
| 16:55 | Build | Farm |
| 16:55 | Build | Farm |
| 17:11 | Build | Farm |
| 17:13 | Create | Villager (Male) |
| 17:38 | Build | Farm |
| 17:39 | Create | Villager (Male) |
| 17:44 | Build | Farm |
| 17:44 | Build | Farm |
| 17:45 | Research | Castle Age |
| 18:01 | Build | Mill |
| 18:09 | Build | Farm |
| 18:23 | Create | Villager (Male) |
| 18:24 | Create | Villager (Male) |
| 18:24 | Create | Villager (Male) |
| 18:38 | Build | House |
| 18:41 | Build | House |
| 18:43 | Build | House |
| 18:45 | Build | House |
| 18:57 | Research | Gold Mining |
| 19:16 | Research | Stone Mining |
| 20:14 | Build | Barracks |
| 20:47 | Research | Heavy Plow |
| 20:52 | Research | Bow Saw |
| 21:09 | Research | Stone Shaft Mining |
| 21:11 | Create | Villager (Male) |
| 21:12 | Create | Villager (Male) |
| 22:19 | Create | Villager (Male) |
| 22:19 | Create | Villager (Male) |
| 22:28 | Build | Town Center |
| 22:59 | Create | Villager (Male) |
| 23:00 | Create | Villager (Male) |
| 23:33 | Create | Villager (Male) |
| 23:33 | Create | Villager (Male) |
| 23:38 | Build | House |
| 23:39 | Build | House |
| 23:40 | Build | House |
| 23:47 | Create | Villager (Male) |
| 23:47 | Create | Villager (Male) |
| 23:48 | Create | Villager (Male) |
| 23:48 | Create | Villager (Male) |
| 23:48 | Create | Villager (Male) |
| 24:08 | Build | Archery Range |
Match timeline
| 0:12 | NURULLAHANKUT · resign |
| 10:17 | Denisov · first_building Barracks |
| 11:36 | Denisov · age_up feudal |
| 11:49 | riechie95 · first_building Barracks |
| 11:58 | Denisov · first_building Archery Range |
| 13:35 | Denisov · first_building Stable |
| 14:33 | riechie95 · first_building Archery Range |
| 19:27 | Denisov · age_up castle |
| 20:14 | TheDarkPhantom87 · first_building Barracks |
| 23:09 | Denisov · first_building Castle |
| 24:08 | TheDarkPhantom87 · first_building Archery Range |
| 24:18 | riechie95 · first_building Stable |
| 26:40 | TheDarkPhantom87 · first_building Castle |
| 27:31 | Denisov · first_building Monastery |
| 31:50 | Denisov · age_up imperial |
| 33:33 | riechie95 · first_building Castle |
| 35:10 | TheDarkPhantom87 · first_building Monastery |
| 40:21 | TheDarkPhantom87 · first_building Siege Workshop |
| 43:17 | riechie95 · first_building Siege Workshop |
[ AI ANALYSIS · 1 CREDIT ]
What really happened in this match?
Wolo.gg analyzes every decision: build order, eco, micro, common mistakes by bracket. Personalized analysis on WhatsApp or Discord in 30 seconds.
Civ guide
Vikings
Perfil
Jugador #974464